 Dungeon Crawl Stone Soup version 0.29-a0-341-g24ffce5b50 (webtiles) character file.

Game seed: 14014531324047236428

4365 Psyclone the Frost Mage (level 10, -13/60 HPs)
             Began as a Deep Elf Ice Elementalist on Apr 20, 2022.
             Was an Initiate of Gozag.
             Killed from afar by an acid dragon (15 damage)
             ... with a splash of acid
             ... on level 8 of the Dungeon.
             The game lasted 00:24:22 (10666 turns).

Psyclone the Frost Mage (DEIE)                     Turns: 10666, Time: 00:24:22

Health: -13/60     AC:  5    Str:  5    XL:     10   Next: 13%
Magic:  18/21      EV: 19    Int: 25    God:    Gozag
Gold:   561        SH:  5    Dex: 18    Spells: 10/21 levels left

rFire   x . .      SeeInvis .   z - +7 staff of the Meek {protect, meekguard}
rCold   + . .      Faith    .   (shield currently unavailable)
rNeg    . . .      Spirit   .   a - +0 robe
rPois   +          Reflect  +   (no helmet)
rElec   .          Harm     .   s - +0 cloak
rCorr   .          Rampage  .   x - +1 pair of gloves {Dex+3}
Will    +....                   (no boots)
Stlth   ++........              q - amulet of reflection
HPRegen 0.20/turn               w - ring of ice
MPRegen 0.17/turn               C - +4 ring of evasion

@: freezing walls
A: poison resistance, sturdy frame 1
a: Renounce Religion, Potion Petition, Call Merchant, Bribe Branch


You were on level 8 of the Dungeon.
You worshipped Gozag.
Gozag was pleased with you.
You visited 2 branches of the dungeon, and saw 9 of its levels.
You also visited: Sewer and Ossuary.

You collected 705 gold pieces.
You paid 144 gold pieces to Gozag.

Inventory:

Hand Weapons
 c - a +1 whip of electrocution
 i - a +1 dagger
 o - a +0 dagger of venom
 z - the +7 staff of the Meek (weapon) {protect, meekguard}
   (You found it on level 5 of the Dungeon)

   It grants its wielder temporary protection when it strikes (+7 to AC).
   It provides extra protection to wielders with little health.
 G - a +4 dagger of chaos
Armour
 a - a +0 robe (worn)
 s - a +0 cloak (worn)
 x - a +1 pair of gloves of dexterity (worn)
 F - a +0 buckler of protection
Jewellery
 q - an amulet of reflection (around neck)
 w - a ring of ice (left hand)
 C - a +4 ring of evasion (right hand)
 E - a ring of positive energy
Wands
 A - a wand of paralysis (9)
 H - a wand of acid (8)
Scrolls
 e - 2 scrolls of enchant armour
 g - 5 scrolls of teleportation
 h - a scroll of identify {@r1}
 j - 2 scrolls of vulnerability
 k - 2 scrolls of amnesia
 m - a scroll of enchant weapon
 p - a scroll of holy word
 u - 2 scrolls of torment
 v - 2 scrolls of fear
 y - a scroll of immolation
 B - a scroll of fog
Potions
 b - a potion of magic
 d - 2 potions of brilliance
 f - 2 potions of haste
 l - 4 potions of curing
 n - a potion of mutation
 r - a potion of resistance
 t - 2 potions of lignification
 D - 2 potions of flight


   Skills:
 - Level 6.0 Fighting
 - Level 6.0 Dodging
 - Level 2.4 Stealth
 - Level 6.0 Spellcasting
 + Level 8.2 Conjurations
 + Level 10.3 Ice Magic


You had 10 spell levels left.
You knew the following spells:

 Your Spells              Type           Power      Damage    Failure   Level
a - Freeze                Ice            100%       1d11      1%          1
b - Frozen Ramparts       Ice            100%       1d12      1%          3
c - Ozocubu's Armour      Ice            73%        N/A       1%          3
d - Hailstorm             Conj/Ice       69%        3d14      1%          4

Your spell library contained the following spells:

 Spells                   Type           Power      Damage    Failure   Level
 Corpse Rot               Necr/Air       14%        N/A       11%         2
 Poisonous Vapours        Pois/Air       14%        N/A       11%         2
 Metabolic Englaciation   Hex/Ice        24%        N/A       26%         5
 Simulacrum               Ice/Necr       24%        N/A       80%         6


Dungeon Overview and Level Annotations

Branches:
Dungeon (8/15)             Temple (1/1) D:7            Lair (0/6) D:8
  Sewer (visited)         Ossuary (visited)

Altars:
Ashenzari
Cheibriados
Elyvilon
Fedhas
Gozag
Hepliaklqana
Kikubaaqudgha
Makhleb
Nemelex Xobeh
Okawaru
Ru
Sif Muna
Trog
Uskayaw
Vehumet
Wu Jian
Xom
Yredelemnul
Zin
The Shining One
Beogh

Shops:
D:3 =   D:5 *!!!=


Innate Abilities, Weirdness & Mutations

Your system is resistant to poisons. (rPois)
Your movements are slightly less encumbered by armour. (ER -2)


Message History

You see here a wand of acid (8).
You take 3 damage, and have 57/60 hp.
H - a wand of acid (8)
You block the wyvern's attack.
The acid dragon bites you but does no damage.
The acid dragon claws you. The wyvern closely misses you.
The iguana completely misses you.
You take 1 damage, and have 56/60 hp.
The iguana attacks as you move away! The iguana barely misses you.
The wyvern attacks as you move away! The wyvern bites you.
The iguana attacks as you move away! The iguana bites you.
The acid dragon bites you but does no damage.
The acid dragon barely misses you. The wyvern bites you.
You take 7 damage, and have 49/60 hp.
The wyvern attacks as you move away! The wyvern closely misses you.
The acid dragon attacks as you move away!
You block the acid dragon's attack. x2
The acid dragon spits acid at you. The splash of acid hits you!!
You block the wyvern's attack.
You hear a bellow! x2
You take 27 damage, and have 22/60 hp.
MASSIVE DAMAGE!!
The wyvern attacks as you move away! The wyvern bites you!
* * * LOW HITPOINT WARNING * * *
You take 16 damage, and have 6/60 hp.
MASSIVE DAMAGE!!
You feel better. The wyvern bites you!
* * * LOW HITPOINT WARNING * * *
The wyvern barely misses you.
You take 4 damage, and have 2/60 hp.
Casting: Freeze (safe; 1% risk of failure)
Confirm with . or Enter, or press ? or * to list all spells.
Casting: Frozen Ramparts (safe; 1% risk of failure)
Press: ? - help, Dir - look around, f - activate You feel a surge of power!
The walls around you are covered in ice.
The wall freezes the wyvern!
The wyvern completely misses you.
The wall freezes the acid dragon.
The acid dragon spits acid at you. The splash of acid hits you!
You die...
Your body crumbles into a pile of gold.

....♣......##.##
...............#
....
..............$#
....
..P............. ...
.PP.....P....##.##..
♣...P..♣....P.#.....
P.P..P...P....##...
....P.>.......#..#
...P..P.♣.....ll@#
........P....P.D##
..........P....##
..P......♣....##
.P.P.P.P.P..##
..P.........#
............
##....#.......
#..####.####...


You could see a wyvern, an acid dragon (catching breath) and an iguana.

Vanquished Creatures
  Psyche (D:8)
  Prince Ribbit (D:5)
  2 wraiths
  A yak (D:8)
  Eustachio (D:5)
  2 wyverns (D:8)
  5 water moccasins
  A sky beast (D:7)
  2 orc warriors
  An ice beast (D:7)
  2 black bears
  2 centaurs
  6 kobold brigands (Sewer)
  A bullfrog (D:8)
  2 necrophages
  2 scorpions
  A jelly (D:5)
  4 hounds
  4 orc priests
  Jessica (D:2)
  Natasha (twice) (D:2)
  3 iguanas
  14 orc wizards
  3 mummies (Ossuary)
  7 adders
  3 river rats (Sewer)
  2 white imps (D:7)
  2 adder zombies (Ossuary)
  4 worms
  A dart slug (D:4)
  32 orcs
  13 endoplasms
  3 giant cockroaches
  A gnoll zombie (Ossuary)
  10 goblins
  8 hobgoblins
  11 jackals
  7 kobolds
  A quokka (D:4)
  10 ball pythons
  5 bats
  4 frilled lizards
  4 goblin zombies (Ossuary)
  3 hobgoblin zombies (Ossuary)
  3 kobold zombies (Ossuary)
  3 quokka zombies (Ossuary)
  5 rats
  2 rat zombies (Ossuary)
208 creatures vanquished.

Vanquished Creatures (others)
  12 plants
  5 toadstools (D:1)
17 creatures vanquished.

Grand Total: 225 creatures vanquished

Notes
Turn   | Place    | Note
-------+----------+-------------------------------------------
     0 | D:1      | Psyclone the Deep Elf Ice Elementalist began the quest for
                  | the Orb.
     0 | D:1      | Reached XP level 1. HP: 10/10 MP: 6/6
   289 | D:1      | Reached XP level 2. HP: 14/15 MP: 5/8
   354 | D:1      | Reached skill level 5 in Ice Magic
   892 | D:1      | Found a faded altar of an unknown god.
   892 | D:1      | Noticed a reaper
  1035 | D:2      | Reached XP level 3. HP: 13/19 MP: 2/9
  1106 | D:2      | Learned a level 3 spell: Frozen Ramparts
  1110 | D:2      | Learned a level 3 spell: Ozocubu's Armour
  1141 | D:2      | Found an ancient bone altar of Kikubaaqudgha.
  2127 | D:2      | Noticed Natasha
  2136 | D:2      | Killed Natasha
  2137 | D:2      | Reached skill level 6 in Ice Magic
  2137 | D:2      | Reached XP level 4. HP: 24/24 MP: 4/11
  2235 | D:2      | Noticed Natasha
  2244 | D:2      | Killed Natasha
  2311 | D:2      | Noticed Jessica
  2313 | D:2      | Killed Jessica
  2314 | D:2      | Reached skill level 5 in Spellcasting
  2694 | D:3      | Reached XP level 5. HP: 22/28 MP: 4/14
  2804 | D:3      | Found Eqirchuju's Jewellery Shop.
  2836 | D:3      | Found a glowing drain.
  2848 | Sewer    | Entered a sewer
  3214 | Sewer    | Reached XP level 6. HP: 14/32 MP: 10/17
  3410 | Sewer    | Reached skill level 5 in Dodging
  3503 | Sewer    | Reached skill level 1 in Fighting
  3503 | Sewer    | Reached XP level 7. HP: 38/38 MP: 12/18
  3803 | Sewer    | Gained mutation: Your movements are slightly less
                  | encumbered by armour. (ER -2) [potion of mutation]
  3803 | Sewer    | Gained mutation: Your system is resistant to poisons.
                  | (rPois) [potion of mutation]
  5077 | D:4      | Found a sand-covered staircase.
  5088 | Ossuary  | Entered an ossuary
  6527 | D:5      | Entered Level 5 of the Dungeon
  6527 | D:5      | Found Iwum's Distillery.
  6558 | D:5      | Noticed Prince Ribbit
  6564 | D:5      | Killed Prince Ribbit
  6565 | D:5      | Reached skill level 5 in Fighting
  6565 | D:5      | Reached XP level 8. HP: 34/49 MP: 10/19
  6721 | D:5      | Found Ywauvin's General Store.
  6856 | D:5      | Found Xutad's Distillery.
  6896 | D:5      | Learned a level 4 spell: Hailstorm
  7020 | D:5      | Reached skill level 1 in Conjurations
  7228 | D:5      | Noticed Eustachio
  7233 | D:5      | Killed Eustachio
  7370 | D:5      | Found Nuat's Jewellery Emporium.
  7399 | D:5      | Found Jebif's Distillery.
  7499 | D:5      | Found the +7 staff of the Meek {protect, meekguard}
  7504 | D:5      | Reached skill level 7 in Ice Magic
  7791 | D:6      | Reached XP level 9. HP: 17/55 MP: 11/20
  8017 | D:6      | Reached skill level 8 in Ice Magic
  8210 | D:6      | Reached skill level 5 in Conjurations
  9056 | D:7      | Reached skill level 9 in Ice Magic
  9202 | D:7      | Found a staircase to the Ecumenical Temple.
  9211 | Temple   | Entered the Ecumenical Temple
  9578 | Temple   | Became a worshipper of Gozag Ym Sagoz the Greedy
 10339 | D:8      | Noticed Psyche
 10374 | D:8      | Killed Psyche
 10509 | D:8      | Reached XP level 10. HP: 60/60 MP: 11/21
 10510 | D:8      | Reached skill level 10 in Ice Magic
 10642 | D:8      | Found a staircase to the Lair.
 10665 | D:8      | HP: 2/60 [wyvern (11)]
 10666 | D:8      | Killed from afar by an acid dragon

Illustrated notes

Levels and vault maps discovered:
D:1:      scummos_arrival_simple_crosswalls, layout_loops_ring,
          dreamdust_ecumenical_altar_sealed_demon, minmay_gold_behind_fungi,
          serial_bayou_pond_a
D:2:      layout_loops_corners, serial_forest, infiniplex_forest_fountain,
          infiniplex_forest_end_2, infiniplex_forest_lined_2,
          infiniplex_forest_clump_tiny, infiniplex_forest_straight_2,
          infiniplex_forest_end_3, infiniplex_forest_lined_room_3,
          infiniplex_forest_clump_double, basic_altar, uniq_jessica,
          uniq_natasha
D:3:      layout_basic, serial_glass, glass_columns_a, glass_columns_a,
          portal_sewer_entry_d, serial_shops, shop, chequers_hall_statues_y
D:4:      layout_gridville, enter_ossuary_1
D:5:      layout_basic, serial_shops, nicolae_shop_statue_plus,
          nicolae_stop_n_shop_2, shop, shop, shop, serial_bayou,
          serial_bayou_ford_a, serial_bayou_shore_b, serial_bayou_lagoon_b,
          serial_bayou_shore_b, pf_guarded_unrand_meek, uniq_eustachio,
          uniq_prince_ribbit1
D:6:      layout_rooms
D:7:      layout_layer_cave, minmay_temple_entry_gardened_gates,
          kennysheep_generic_room_3
D:8:      layout_cave_pools, gammafunk_temple_overflow_pools,
          minmay_lair_entry_grove, kennysheep_generic_room_4, uniq_psyche
Temple:   mainiacjoe_temple_cubbyholes

Skill      XL: |  1  2  3  4  5  6  7  8  9 10 |
---------------+-------------------------------+-----
Ice Magic      | 5 6 7 9 10 | 10.3
Spellcasting   | 5 6 |  6.0
Dodging        | 4 6 |  6.0
Fighting       | 1 5 6 |  6.0
Conjurations   | 4 7 8 |  8.2
Stealth        | |  2.4

Action                   |  1- 3 |  4- 6 |  7- 9 | 10-12 || total
-------------------------+-------+-------+-------+-------++-------
Melee: Unarmed           |     1 |       |       |       ||     1
       Dagger            |    36 |    10 |    81 |       ||   127
       Punch             |       |       |     1 |       ||     1
       Quarterstaff      |       |       |    21 |       ||    21
 Cast: Freeze            |    36 |    12 |   131 |     9 ||   188
       Frozen Ramparts   |     3 |    15 |    60 |     2 ||    80
       Ozocubu's Armour  |       |     8 |    19 |       ||    27
  Use: Scroll            |     7 |     2 |     7 |       ||    16
       Potion            |     2 |       |     6 |     1 ||     9
 Stab: Sleeping          |     6 |     1 |     2 |       ||     9
Armor: Robe              |    10 |     7 |    51 |     4 ||    72
Dodge: Dodged            |    37 |    17 |   174 |    22 ||   250
Block: Other             |       |     6 |    41 |     6 ||    53
       Reflection        |       |       |     2 |       ||     2

Table legend: (Time is in decaauts)
 A = Elapsed time spent in this place.
 B = Non-inter-level travel time spent in this place.
 C = Inter-level travel time spent in this place.
 D = Time resting spent in this place.
 E = Time spent auto-exploring this place.
 F = Levels seen in this place.
 G = Mean time per level.
                   A        B        C        D        E       F      G
               +--------+--------+--------+--------+--------+-----+--------+
         Total |  10836 |  10604 |    232 |    881 |   7843 |  11 |  985.1 |
       Dungeon |   8347 |   8181 |    166 |    674 |   6157 |   8 | 1043.4 |
        Temple |    409 |    343 |     66 |      0 |    340 |   1 |  409.0 |
         Sewer |   1517 |   1517 |      0 |      0 |   1258 |   1 | 1517.0 |
       Ossuary |    561 |    561 |      0 |    207 |     88 |   1 |  561.0 |
               +--------+--------+--------+--------+--------+-----+--------+

Top non-repeatable levels by time:
     D:5: 1614 daAuts
   Sewer: 1517 daAuts
     D:2: 1514 daAuts
     D:7: 1224 daAuts
     D:3: 1100 daAuts
     D:4: 999 daAuts
     D:1: 967 daAuts
     D:6: 585 daAuts
 Ossuary: 561 daAuts
  Temple: 409 daAuts
     D:8: 340 daAuts
